 Dungeon Crawl Stone Soup version 0.31-a0-819-gf6de2f5ab6 (webtiles) character file.

Game seed: 11492837404984530996

56 hikkokomori the Digger (level 3, -2/20 HPs)
             Began as a Gargoyle Earth Elementalist on Sept 24, 2023.
             Frozen to death by an endoplasm (4 damage)
             ... on level 2 of the Dungeon.
             The game lasted 00:02:20 (1262 turns).

hikkokomori the Digger (GrEE)                       Turns: 1262, Time: 00:02:21

Health: -2/20      AC:  5    Str: 11    XL:     3   Next: 95%
Magic:  1/6        EV: 12    Int: 17    God:
Gold:   47         SH:  0    Dex: 10    Spells: 6/7 levels left

rFire   . . .        h - +0 mace
rCold   . . .        (no shield)
rNeg    + . .        a - +0 robe
rPois   ∞            (no helmet)
rElec   +            (no cloak)
rCorr   .            (no gloves)
SInv    .            (no boots)
Will    .....        (no amulet)
Stlth   ++           (no ring)
HPRegen 0.23/turn    (no ring)
MPRegen 0.10/turn

%: no passive effects
@: no status effects
A: sickness immunity, AC +3, negative energy resistance 1, electricity
resistance, torment resistance 1, petrification resistance
a: no special abilities


You were on level 2 of the Dungeon.
You visited 1 branch of the dungeon, and saw 2 of its levels.

You collected 47 gold pieces.

Inventory:

Hand Weapons
 h - a +0 mace (weapon)
Armour
 a - a +0 robe (worn)
Scrolls
 d - a scroll of teleportation {unknown}
 f - a scroll of revelation {unknown}
 g - a scroll of identify {unknown}
 i - a scroll of enchant weapon {unknown}
 j - a scroll of immolation {unknown}
Potions
 b - a potion of magic
 c - a potion of might {unknown}
 e - 2 potions of haste {unknown}


   Skills:
 + Level 1.6 Fighting
 - Level 1.7 Dodging
 + Level 2.4 Stealth
 + Level 2.6 Spellcasting
 - Level 1.0 Transmutations
 + Level 4.3 Earth Magic


You had 6 spell levels left.
You knew the following spells:

 Your Spells              Type           Power      Damage    Failure   Level
a - Sandblast             Erth           32%        2d9       3%          1

Your spell library contained the following spells:

 Spells                   Type           Power      Damage    Failure   Level
 Passwall                 Tmut/Erth      9%         N/A       9%          2
 Stone Arrow              Conj/Erth      18%        3d8       22%         3
 Scorch                   Fire           4%         2d5       28%         2
 Petrify                  Tmut/Erth      11%        N/A       52%         4
 Brom's Barrelling Bould  Conj/Erth      9%         2d3       58%         4
 Flame Wave               Conj/Fire      2%         2d4       88%         4
 Summon Cactus Giant      Summ           1%         N/A       100%        6


Dungeon Overview and Level Annotations

Branches:
Dungeon (2/15)

Altars:


Innate Abilities, Weirdness & Mutations

You are immune to sickness and miasma.
Your stone body is resilient. (AC +3)
You are immune to poison.
You resist negative energy. (rN+)
You are resistant to electric shocks. (rElec)
You are resistant to unholy torment.
You are immune to petrification.


Message History

The endoplasm jiggles.
The kobold closely misses you. The ball python barely misses you.
The ball python constricts you.
* * * LOW HITPOINT WARNING * * *
The ball python barely misses you. The ball python constricts you.
The kobold closely misses you.
Unknown command.
You hit the ball python.
You kill the ball python!
The kobold hits you with a +0 short sword.
* * * LOW HITPOINT WARNING * * *
Unknown command.
You hit the kobold.
You kill the kobold!
Things that are here:
a +0 short sword; 4 stones
Casting: Sandblast (safe; 3% risk of failure)
Confirm with . or Enter, or press ? or * to list all spells.
Aiming: Sandblast (safe; 3% risk of failure)
Press: ? - help, Shift-Dir - straight line, f - endoplasm
Aim: an endoplasm (98% to hit)
The blast of sand hits the endoplasm!
You kill the endoplasm!
Unknown command.
An endoplasm is nearby!
An endoplasm is nearby!
An endoplasm is nearby!
An endoplasm is nearby!
You are too injured to fight recklessly!
You are too injured to fight recklessly!
Items here: $ ) = †.
The endoplasm hits you but does no damage.
Items here: $ ) = †.
You hit the endoplasm but do no damage. The endoplasm freezes you.
You are frozen.
* * * LOW HITPOINT WARNING * * *
The endoplasm freezes you.
You are frozen.
You die...

##<....#.....###########
.######.......#######
.....................
.######...#########.#
#.....## #..>##.## ##
#.# #..## #.# #. ##.J###
... ##.@.# ##.#. ###.##
##.... #..###.†#
##......# ##.....#
#......#
..(...##.†.....#
#....###.......# ###..
#.......?


You could see an endoplasm.

Vanquished Creatures
  An adder (D:2)
  2 worms (D:2)
  2 dart slugs
  5 ball pythons
  3 bats
  2 endoplasms
  3 giant cockroaches
  2 goblins (D:1)
  A hobgoblin (D:1)
  A jackal (D:1)
  5 kobolds
  3 quokkas (D:1)
  2 frilled lizards (D:1)
  3 rats
35 creatures vanquished.

Notes
Turn   | Place    | Note
-------+----------+-------------------------------------------
     0 | D:1      | hikkokomori the Gargoyle Earth Elementalist began the quest
                  | for the Orb.
     0 | D:1      | Reached XP level 1. HP: 10/10 MP: 3/3
   236 | D:1      | Reached skill level 1 in Transmutations
   236 | D:1      | Reached XP level 2. HP: 10/15 MP: 1/5
   609 | D:1      | Reached skill level 4 in Earth Magic
   637 | D:1      | Reached skill level 1 in Fighting
   637 | D:1      | Reached XP level 3. HP: 20/20 MP: 4/6
  1262 | D:2      | Frozen to death by an endoplasm

Illustrated notes

Levels and vault maps discovered:
D:1:      dpeg_arrival_oval, layout_basic, serial_forest,
          infiniplex_forest_end_double, infiniplex_forest_straight_2,
          infiniplex_forest_clump_medium, infiniplex_forest_pool,
          infiniplex_forest_clump_small, infiniplex_forest_clump_cross,
          infiniplex_forest_lined_2, minmay_tiny_reverse_x
D:2:      layout_rooms, dreamdust_ecumenical_altar_sealed_demon, serial_shops,
          nicolae_shop_statue_plus, minmay_tetromino_i2

Skill      XL: |  1  2 |
---------------+-------+-----
Transmutations | 1 |  1.0
Earth Magic    | 4 |  4.3
Fighting       | 1 |  1.6
Dodging        | |  1.7
Stealth        | |  2.4
Spellcasting   | |  2.6

Action                     || total
---------------------------++-------
  Melee: Unarmed           ||    24
         Mace              ||    10
   Cast: Sandblast         ||    43
 Armour: Robe              ||    41
  Dodge: Dodged            ||    36

Table legend: (Time is in decaauts)
 A = Elapsed time spent in this place.
 B = Non-inter-level travel time spent in this place.
 C = Inter-level travel time spent in this place.
 D = Time resting spent in this place.
 E = Time spent auto-exploring this place.
 F = Levels seen in this place.
 G = Mean time per level.
                   A        B        C        D        E       F      G
               +--------+--------+--------+--------+--------+-----+--------+
         Total |   1286 |   1241 |     45 |      0 |   1040 |   2 |  643.0 |
       Dungeon |   1286 |   1241 |     45 |      0 |   1040 |   2 |  643.0 |
               +--------+--------+--------+--------+--------+-----+--------+

Top non-repeatable levels by time:
     D:1: 1105 daAuts
     D:2: 181 daAuts
